 Dungeon Crawl Stone Soup version 0.29-a0-360-g8ed1089bbe (webtiles) character file.

Game seed: 5219313956134428781

6262 Psyclone the Frost Mage (level 10, -3/114 HPs)
             Began as a Gnoll Ice Elementalist on Apr 28, 2022.
             Was an Initiate of Gozag.
             Slain by a chaos spawn (4 damage)
             ... on level 2 of the Abyss.
             The game lasted 00:27:14 (11784 turns).

Psyclone the Frost Mage (Gnoll Ice Elementalist)   Turns: 11784, Time: 00:27:15

Health: -3/114     AC: 29    Str:  8    XL:     10   Next: 93%
Magic:  21/21      EV:  2    Int: 17    God:    Gozag
Gold:   555        SH:  0    Dex: 12    Spells: 13/24 levels left

rFire   . . .      SeeInvis .   o - +0 dagger (venom)
rCold   . . .      Faith    .   (no shield)
rNeg    . . .      Spirit   .   (body armour currently unavailable)
rPois   +          Reflect  +   (helmet currently unavailable)
rElec   .          Harm     .   (cloak currently unavailable)
rCorr   .          Rampage  .   (gloves currently unavailable)
Will    .....      NoTele   +   (boots currently unavailable)
Stlth   +.........              H - amulet of reflection
HPRegen 0.29/turn               t - +4 ring of protection
MPRegen 0.17/turn               G - +4 ring of evasion

@: confused, tree-form, ambrosia-drunk, spiked
A: stationary, stasis, torment immunity, boosted hp, (fangs 1), strong nose,
distributed training, (iridescent scales 1), dopey 1, wild magic 1
a: Renounce Religion, Potion Petition, Call Merchant, Bribe Branch


You were on level 2 of the Abyss.
You worshipped Gozag.
Gozag was pleased with you.
You were a tree.
You visited 2 branches of the dungeon, and saw 9 of its levels.
You visited the Abyss 1 time.
You also visited: Ossuary.

You collected 1789 gold pieces.
You spent 318 gold pieces at shops.
You paid 916 gold pieces to Gozag.

Inventory:

Hand Weapons
 o - a +0 dagger of venom (weapon)
 M - a +2 vampiric dagger
Missiles
 g - 3 throwing nets {!f}
Armour
 x - a +0 cloak (melded)
 D - a +2 robe of positive energy
 J - the +1 robe of Day (melded) {rElec Dex+4}
   (You bought it in a shop on level 8 of the Dungeon)

   Dex:       It affects your dexterity (+4).
   rElec:     It insulates you from electricity.
 K - the +3 hat of Pondering (melded) {ponderous, Will+ MP+10 Int+5}
   (You took it off Gastronok on level 8 of the Dungeon)

   Int:       It affects your intelligence (+5).
   MP:        It affects your magic capacity (+10).
   Will:      It increases your willpower.
Jewellery
 a - a ring of see invisible
 t - a +4 ring of protection (left branch)
 B - a ring of willpower
 G - a +4 ring of evasion (right branch)
 H - an amulet of reflection (around neck)
Wands
 c - a wand of charming (9)
 h - a wand of flame (41) (quivered)
 l - a wand of polymorph (2)
 q - a wand of acid (16)
 y - a wand of paralysis (9)
 I - a wand of iceblast (18)
Scrolls
 d - 3 scrolls of immolation
 e - 3 scrolls of fear
 i - 2 scrolls of enchant armour
 j - a scroll of torment
 k - 2 scrolls of vulnerability
 p - a scroll of blinking
 s - 2 scrolls of magic mapping
 u - a scroll of fog
 v - a scroll of amnesia
 z - 4 scrolls of identify {@r1}
 A - a scroll of silence {!r}
Potions
 b - a potion of degeneration
 f - 4 potions of attraction
 m - 3 potions of brilliance
 r - a potion of lignification
 w - 2 potions of cancellation
 C - 2 potions of might
 E - 2 potions of flight
 F - a potion of curing


   Skills:
 + Level 5.7 Fighting
 + Level 5.7 Short Blades
 + Level 5.7 Long Blades
 + Level 5.7 Axes
 + Level 5.7 Maces & Flails
 + Level 5.7 Polearms
 + Level 5.7 Staves
 + Level 5.7 Slings
 + Level 5.7 Bows
 + Level 5.7 Crossbows
 + Level 5.7 Throwing
 + Level 5.7 Armour
 + Level 7.4 Dodging
 + Level 7.2 Stealth
 + Level 5.7 Shields
 + Level 5.7 Unarmed Combat
 + Level 7.7 Spellcasting
 + Level 4.7 Conjurations
 + Level 4.7 Hexes
 + Level 4.7 Summonings
 + Level 4.7 Necromancy
 + Level 4.7 Translocations
 + Level 4.7 Transmutations
 + Level 4.7 Fire Magic
 + Level 8.6 Ice Magic
 + Level 4.7 Air Magic
 + Level 4.7 Earth Magic
 + Level 4.7 Poison Magic
 + Level 6.3 Invocations
 + Level 5.7 Evocations


You had 13 spell levels left.
You knew the following spells:

 Your Spells              Type           Power      Damage    Failure   Level
a - Freeze                Ice            100%       1d11      1%          1
b - Frozen Ramparts       Ice            92%        1d11      1%          3
c - Ozocubu's Armour      Ice            46%        N/A       1%          3
d - Hailstorm             Conj/Ice       38%        3d9       11%         4

Your spell library contained the following spells:

 Spells                   Type           Power      Damage    Failure   Level
 Ensorcelled Hibernation  Hex/Ice        76%        N/A       2%          2
 Animate Skeleton         Necr           58%        N/A       3%          1
 Pain                     Necr           100%       1d9       3%          1
 Passwall                 Tmut/Erth      24%        N/A       4%          2
 Gell's Gravitas          Tloc           29%        N/A       8%          3
 Swiftness                Air            29%        N/A       8%          3
 Teleport Other           Tloc           29%        N/A       8%          3
 Vampiric Draining        Necr           29%        2d8       8%          3
 Leda's Liquefaction      Hex/Erth       14%        N/A       22%         4
 Lee's Rapid Deconstruct  Erth           14%        3d10*     47%         5
 Dispersal                Tloc           14%        N/A       96%         6
 Statue Form              Tmut/Erth      19%        N/A       96%         6


Dungeon Overview and Level Annotations

Branches:
Dungeon (8/15)             Temple (1/1) D:7         Ossuary (visited)
   Lair: D:8-11

Altars:
Ashenzari
Cheibriados
Dithmenos
Elyvilon
Fedhas
Gozag
Hepliaklqana
Kikubaaqudgha
Makhleb
Nemelex Xobeh
Okawaru
Qazlal
Ru
Sif Muna
Trog
Uskayaw
Vehumet
Wu Jian
Xom
Yredelemnul
Zin
The Shining One

Shops:
D:3 =   D:8 [

Annotations:
D:3 exclusion: statue
D:4 1 transporter, Antichthon's ghost, amateur OpBr
D:7 3 runed translucent doors, IdlyInterested's ghost, novice DsGl
D:8 Psyche


Innate Abilities, Weirdness & Mutations

You are a tree.
Your roots penetrate the ground, keeping you stationary.
You cannot be teleported.
You are immune to unholy pain and torment.
Your maximum health is greatly increased.
Your equipment is partially melded.
((You have very sharp teeth.))
Your uncanny sense of smell can sniff out nearby items.
Your experience applies equally to all skills.
((You are partially covered in iridescent scales. (AC +2)))
You are dopey. (Int -2)
Your spells are a little harder to cast, but a little more powerful.


Message History

The red devil attacks as you move away!
The red devil hits you but does no damage.
The barbed spikes dig painfully into your body as you move.
* * * LOW HITPOINT WARNING * * *
The red devil hits you from afar with a +1 vorpal trident!
* * * LOW HITPOINT WARNING * * *
Barbed spikes become lodged in your body.
* * * LOW HITPOINT WARNING * * *
You take 13 damage, and have 11/76 hp.
Really quaff the potion of lignification?
You turn into a tree.
Your +0 cloak melds into your body.
The +3 hat of Pondering {ponderous, Will+ MP+10 Int+5} melds into your body.
The +1 robe of Day {rElec Dex+4} melds into your body.
That put a bit of spring back into your step.
Your roots penetrate the ground.
You feel strangely stable.
The red devil hits you but does no damage.
The starcursed mass shrieks in your mind.
* * * LOW HITPOINT WARNING * * *
The chaos spawn hits you.
* * * LOW HITPOINT WARNING * * *
The chaos spawn draws strength from your injuries!
You now have 5/114 hp.
It was a potion of ambrosia.
You are confused.
You feel invigorated.
The red devil hits you but does no damage.
The starcursed mass shrieks in your mind.
* * * LOW HITPOINT WARNING * * *
The chaos spawn hits you but does no damage.
You take 2 damage, and have 3/114 hp.
You're too confused to cast spells.
Unknown command.
Unknown command.
The red devil hits you from afar with a +1 vorpal trident.
* * * LOW HITPOINT WARNING * * *
Barbed spikes become lodged in your body.
* * * LOW HITPOINT WARNING * * *
The chaos spawn gores you.
You die...
Your body crumbles into a pile of gold.

.# # ### ##.. #...#..
#. ##....X...
.#...#.. #.###.
..##...
.#..##.#.#.#.##.
#.... .....#.##.#..##
..#.
####......#X....#..
..
#..........##........
#.....#.##........# .
..#.♣44.#.#.##.... .
#...####.# ## ####
....### ....# .##
##.#.# ###..


You could see a starcursed mass, a chaos spawn and a red devil.

Vanquished Creatures
  Gastronok (D:8)
  Pikel (D:5)
  2 hornets
  A wyvern (D:8)
  Sigmund (D:6)
  A yak (D:7)
  A wraith (D:7)
  3 steam dragons (D:8)
  Eustachio (D:4)
  Grum (D:8)
  2 water moccasins
  2 black bears
  An orc warrior (D:8)
  4 ice beasts
  2 wolves (D:8)
  An ogre (D:4)
  A centaur (D:8)
  3 lemures (D:5)
  A kobold brigand (D:8)
  5 scorpions
  2 bullfrogs
  A gnoll sergeant (D:7)
  2 elf zombies (Ossuary)
  A howler monkey (D:7)
  A centaur zombie (Ossuary)
  Crazy Yiuf (D:5)
  2 hounds
  3 orc priests
  3 jellies
  A gnoll shaman (D:6)
  Terence (D:3)
  Natasha (thrice) (D:3)
  6 iguanas
  10 orc wizards
  2 mummies (Ossuary)
  26 gnolls
  4 adders
  2 ufetubi
  An adder zombie (Ossuary)
  A worm (D:3)
  2 dart slugs
  24 orcs
  4 ball pythons
  4 bats
  7 endoplasms
  6 giant cockroaches
  4 goblins
  4 hobgoblins
  4 quokkas
  4 frilled lizards
  2 goblin zombies (Ossuary)
  11 hobgoblin zombies (Ossuary)
  A jackal zombie (Ossuary)
  7 kobolds
  10 kobold zombies (Ossuary)
  6 orc zombies (Ossuary)
  4 rats
  2 rat zombies (Ossuary)
  A toadstool (D:1)
215 creatures vanquished.

Vanquished Creatures (others)
  2 fungi (D:1)
  3 toadstools (D:1)
5 creatures vanquished.

Grand Total: 220 creatures vanquished

Notes
Turn   | Place    | Note
-------+----------+-------------------------------------------
     0 | D:1      | Psyclone the Gnoll Ice Elementalist began the quest for the
                  | Orb.
     0 | D:1      | Reached XP level 1. HP: 13/13 MP: 6/6
   392 | D:1      | Found a faded altar of an unknown god.
   408 | D:1      | Reached XP level 2. HP: 18/19 MP: 4/7
  1342 | D:1      | Identified a scroll of acquirement
  1344 | D:1      | Acquired 916 gold pieces
  1629 | D:2      | Reached skill level 5 in Spellcasting
  1629 | D:2      | Reached XP level 3. HP: 25/25 MP: 4/9
  1950 | D:2      | Reached skill level 1 in Invocations
  2307 | D:3      | Noticed Terence
  2323 | D:3      | Learned a level 3 spell: Frozen Ramparts
  2327 | D:3      | Learned a level 3 spell: Ozocubu's Armour
  2336 | D:3      | Killed Terence
  2337 | D:3      | Reached skill level 1 in Fighting
  2337 | D:3      | Reached skill level 1 in Short Blades
  2337 | D:3      | Reached skill level 1 in Long Blades
  2337 | D:3      | Reached skill level 1 in Axes
  2337 | D:3      | Reached skill level 1 in Maces & Flails
  2337 | D:3      | Reached skill level 1 in Polearms
  2337 | D:3      | Reached skill level 1 in Staves
  2337 | D:3      | Reached skill level 1 in Slings
  2337 | D:3      | Reached skill level 1 in Bows
  2337 | D:3      | Reached skill level 1 in Crossbows
  2337 | D:3      | Reached skill level 1 in Throwing
  2337 | D:3      | Reached skill level 1 in Armour
  2337 | D:3      | Reached skill level 1 in Shields
  2337 | D:3      | Reached skill level 1 in Unarmed Combat
  2337 | D:3      | Reached skill level 1 in Evocations
  2337 | D:3      | Reached XP level 4. HP: 32/32 MP: 2/11
  2491 | D:3      | Found a blossoming altar of Fedhas.
  2555 | D:3      | Found a radiant altar of Vehumet.
  2555 | D:3      | Noticed a frost-covered statue
  2688 | D:3      | Found an iron altar of Okawaru.
  2754 | D:3      | Noticed a black bear
  2761 | D:3      | Killed a black bear
  2762 | D:3      | Reached skill level 1 in Conjurations
  2762 | D:3      | Reached skill level 1 in Hexes
  2762 | D:3      | Reached skill level 1 in Summonings
  2762 | D:3      | Reached skill level 1 in Necromancy
  2762 | D:3      | Reached skill level 1 in Translocations
  2762 | D:3      | Reached skill level 1 in Transmutations
  2762 | D:3      | Reached skill level 1 in Fire Magic
  2762 | D:3      | Reached skill level 1 in Air Magic
  2762 | D:3      | Reached skill level 1 in Earth Magic
  2762 | D:3      | Reached skill level 1 in Poison Magic
  2762 | D:3      | Reached XP level 5. HP: 37/37 MP: 2/12
  2839 | D:3      | Found a shimmering altar of Xom.
  3012 | D:3      | Found Veosi's Jewellery Shop.
  3126 | D:3      | Reached XP level 6. HP: 40/44 MP: 9/13
  3329 | D:3      | Noticed Natasha
  3336 | D:3      | Killed Natasha
  3337 | D:3      | Reached skill level 5 in Dodging
  3436 | D:3      | Noticed Natasha
  3442 | D:3      | Killed Natasha
  3978 | D:3      | Noticed Natasha
  3984 | D:3      | Killed Natasha
  4041 | D:4      | Reached XP level 7. HP: 50/50 MP: 9/15
  4052 | D:4      | Noticed Eustachio
  4061 | D:4      | Killed Eustachio
  4296 | D:4      | Noticed Antichthon's ghost (amateur OpBr)
  4297 | D:4      | Found a transporter.
  4347 | D:4      | Found a sand-covered staircase.
  4352 | D:4      | Gained mutation: You have a pair of small horns on your
                  | head. [potion of mutation]
  4352 | D:4      | Gained mutation: Your magical capacity is low. (-10% MP)
                  | [potion of mutation]
  4359 | D:4      | Reached skill level 5 in Stealth
  4508 | Ossuary  | Entered an ossuary
  4848 | Ossuary  | Reached XP level 8. HP: 32/57 MP: 12/15
  5941 | D:5      | Entered Level 5 of the Dungeon
  6070 | D:5      | Found a runed translucent door.
  6071 | D:5      | Noticed Crazy Yiuf
  6078 | D:5      | Killed Crazy Yiuf
  6089 | D:5      | Learned a level 4 spell: Hailstorm
  6434 | D:5      | Noticed Pikel
  6452 | D:5      | Killed Pikel
  6453 | D:5      | Reached XP level 9. HP: 5/65 MP: 3/16
  7140 | D:6      | Noticed Sigmund
  7152 | D:6      | Killed Sigmund
  7153 | D:6      | Reached skill level 8 in Ice Magic
  7586 | D:6      | Lost mutation: You have a pair of small horns on your head.
                  | [potion of mutation]
  7586 | D:6      | Lost mutation: Your magical capacity is low. (-10% MP)
                  | [potion of mutation]
  7586 | D:6      | Gained mutation: You have a pair of small horns on your
                  | head. [potion of mutation]
  7586 | D:6      | Gained mutation: You are dopey. (Int -2) [potion of
                  | mutation]
  7586 | D:6      | Gained mutation: You are robust. (+10% HP) [potion of
                  | mutation]
  7587 | D:6      | Lost mutation: You have a pair of small horns on your head.
                  | [potion of mutation]
  7587 | D:6      | Lost mutation: You are robust. (+10% HP) [potion of
                  | mutation]
  7587 | D:6      | Gained mutation: You are partially covered in iridescent
                  | scales. (AC +2) [potion of mutation]
  7587 | D:6      | Gained mutation: Your spells are a little harder to cast,
                  | but a little more powerful. [potion of mutation]
  7702 | D:6      | Noticed a hornet
  7711 | D:6      | Killed a hornet
  7846 | D:6      | Reached skill level 5 in Invocations
  8504 | D:7      | Found a runed translucent gate.
  8504 | D:7      | Found a runed translucent gate.
  8505 | D:7      | Found a runed translucent gate.
  8576 | D:7      | Noticed IdlyInterested's ghost (novice DsGl)
  8615 | D:7      | Found a staircase to the Ecumenical Temple.
  8622 | Temple   | Entered the Ecumenical Temple
  8728 | Temple   | Became a worshipper of Gozag Ym Sagoz the Greedy
  8972 | D:7      | Reached XP level 10. HP: 62/73 MP: 17/20
  9033 | D:7      | Reached skill level 5 in Fighting
  9033 | D:7      | Reached skill level 5 in Short Blades
  9033 | D:7      | Reached skill level 5 in Long Blades
  9033 | D:7      | Reached skill level 5 in Axes
  9033 | D:7      | Reached skill level 5 in Maces & Flails
  9033 | D:7      | Reached skill level 5 in Polearms
  9033 | D:7      | Reached skill level 5 in Staves
  9033 | D:7      | Reached skill level 5 in Slings
  9033 | D:7      | Reached skill level 5 in Bows
  9033 | D:7      | Reached skill level 5 in Crossbows
  9033 | D:7      | Reached skill level 5 in Throwing
  9033 | D:7      | Reached skill level 5 in Armour
  9033 | D:7      | Reached skill level 5 in Shields
  9033 | D:7      | Reached skill level 5 in Unarmed Combat
  9033 | D:7      | Reached skill level 5 in Evocations
  9680 | D:8      | Bought a pair of warped boots for 199 gold pieces
  9680 | D:8      | Identified the +0 pair of boots of the Baker {*Corrode
                  | rElec Dex+2} (You bought it in a shop on level 8 of the
                  | Dungeon)
  9680 | D:8      | Bought a bloodstained robe for 119 gold pieces
  9680 | D:8      | Identified the +1 robe of Day {rElec Dex+4} (You bought it
                  | in a shop on level 8 of the Dungeon)
 10085 | D:8      | Noticed Gastronok
 10088 | D:8      | Noticed Psyche
 10133 | D:8      | Killed Gastronok
 10852 | D:8      | Noticed Grum
 10864 | D:8      | Killed Grum
 11384 | D:8      | Cast into level 1 of the Abyss (Psyche)
 11445 | Abyss:1  | Noticed a thrashing horror
 11465 | Abyss:1  | Noticed a tentacled starspawn
 11480 | Abyss:1  | Noticed an apocalypse crab
 11499 | Abyss:1  | Noticed a bone dragon
 11508 | Abyss:1  | Noticed a lich
 11541 | Abyss:1  | Found a runed translucent gate.
 11541 | Abyss:1  | Found a runed translucent gate.
 11543 | Abyss:1  | Found a runed translucent gate.
 11554 | Abyss:1  | Noticed a starcursed mass
 11582 | Abyss:1  | Paralysed by accursed screaming for 1 turns
 11716 | Abyss:2  | Noticed a starcursed mass
 11719 | Abyss:2  | Noticed a smoke demon
 11739 | Abyss:2  | Noticed a spatial maelstrom
 11739 | Abyss:2  | Noticed a starcursed mass
 11743 | Abyss:2  | Noticed a black draconian
 11779 | Abyss:2  | Noticed a large abomination
 11782 | Abyss:2  | HP: 5/114 [chaos spawn (4)]
 11784 | Abyss:2  | HP: 1/114 [red devil/+1 vorpal trident (2)]
 11784 | Abyss:2  | Slain by a chaos spawn

Illustrated notes

Levels and vault maps discovered:
D:1:      amcnicky_arrival_wind_blow, layout_loops_ring, serial_bayou,
          serial_bayou_shore_b, serial_bayou_ford_a, serial_bayou_shore_b,
          serial_bayou_pond_e, hellmonk_ecumenical_altar_pennies_from_heaven,
          minmay_gold_behind_fungi, minmay_misc_feat_rugged
D:2:      layout_loops_ring
D:3:      layout_basic, vehumet_statue, mainiacjoe_overflow_two_lobes,
          mainiacjoe_overflow_alcove_2, serial_shops, nicolae_shop_behind_doors,
          uniq_natasha, uniq_terence
D:4:      layout_loops_ring, nicolae_ossuary_entry_monument,
          gammafunk_ghost_smash, uniq_eustachio
D:5:      layout_rooms, uniq_pikel, uniq_crazy_yiuf_cottage
D:6:      layout_loops_ring, uniq_sigmund
D:7:      minmay_slanted_spiral_squares, layout_basic,
          minmay_temple_entry_statues_pillars, gammafunk_ghost_necromancy
D:8:      layout_layer_cave, uniq_grum, uniq_psyche, uniq_gastronok
Temple:   mainiacjoe_temple_coin_purse
Abyss:2:  base: D:8, hangedman_relentless_pull,
          guppyfry_abyss_exit_glass_guarded

Skill      XL: |  1  2  3  4  5  6  7  8  9 10 |
---------------+-------------------------------+-----
Spellcasting   | 5 6 7 |  7.7
Invocations    | 1 2 3 4 5 6 |  6.3
Fighting       | 1 2 3 4 5 |  5.7
Short Blades   | 1 2 3 4 5 |  5.7
Long Blades    | 1 2 3 4 5 |  5.7
Axes           | 1 2 3 4 5 |  5.7
Maces & Flails | 1 2 3 4 5 |  5.7
Polearms       | 1 2 3 4 5 |  5.7
Staves         | 1 2 3 4 5 |  5.7
Slings         | 1 2 3 4 5 |  5.7
Bows           | 1 2 3 4 5 |  5.7
Crossbows      | 1 2 3 4 5 |  5.7
Throwing       | 1 2 3 4 5 |  5.7
Armour         | 1 2 3 4 5 |  5.7
Shields        | 1 2 3 4 5 |  5.7
Unarmed Combat | 1 2 3 4 5 |  5.7
Evocations     | 1 2 3 4 5 |  5.7
Conjurations   | 1 2 3 4 |  4.7
Hexes          | 1 2 3 4 |  4.7
Summonings     | 1 2 3 4 |  4.7
Necromancy     | 1 2 3 4 |  4.7
Translocations | 1 2 3 4 |  4.7
Transmutations | 1 2 3 4 |  4.7
Fire Magic     | 1 2 3 4 |  4.7
Air Magic      | 1 2 3 4 |  4.7
Earth Magic    | 1 2 3 4 |  4.7
Poison Magic   | 1 2 3 4 |  4.7
Dodging        | 5 6 7 |  7.4
Stealth        | 5 6 7 |  7.2
Ice Magic      | 8 |  8.6

Action                   |  1- 3 |  4- 6 |  7- 9 | 10-12 || total
-------------------------+-------+-------+-------+-------++-------
Melee: Whip              |    32 |    18 |   194 |       ||   244
       Unarmed           |    17 |       |       |       ||    17
       Bite              |     6 |     5 |    36 |    10 ||    57
       Punch             |       |     1 |    11 |     1 ||    13
       Headbutt          |       |       |    43 |       ||    43
       Dagger            |       |       |   132 |    59 ||   191
 Cast: Freeze            |    33 |    24 |    20 |    25 ||   102
       Frozen Ramparts   |     1 |    11 |    46 |    12 ||    70
       Ozocubu's Armour  |     1 |     4 |    16 |     9 ||    30
       Hailstorm         |       |       |     2 |       ||     2
Invok: Call Merchant     |       |       |       |     1 ||     1
Evoke: Wand              |       |       |     6 |       ||     6
  Use: Scroll            |     6 |     1 |     6 |     8 ||    21
       Potion            |       |     1 |     7 |     2 ||    10
 Stab: Sleeping          |     4 |       |     7 |     5 ||    16
Armor: Robe              |     8 |     9 |   120 |    23 ||   160
       Skin              |       |       |    28 |     3 ||    31
Dodge: Dodged            |    36 |    33 |   237 |    67 ||   373
Block: Other             |       |       |       |    13 ||    13

Table legend: (Time is in decaauts)
 A = Elapsed time spent in this place.
 B = Non-inter-level travel time spent in this place.
 C = Inter-level travel time spent in this place.
 D = Time resting spent in this place.
 E = Time spent auto-exploring this place.
 F = Levels seen in this place.
 G = Mean time per level.
                   A        B        C        D        E       F      G
               +--------+--------+--------+--------+--------+-----+--------+
         Total |  11849 |  11621 |    228 |   1703 |   7393 |  12 |  987.4 |
       Dungeon |  10496 |  10279 |    217 |   1239 |   7271 |   8 | 1312.0 |
        Temple |    117 |    106 |     11 |      0 |     84 |   1 |  117.0 |
         Abyss |    426 |    426 |      0 |      0 |     18 |   2 |  213.0 |
       Ossuary |    809 |    809 |      0 |    464 |     20 |   1 |  809.0 |
               +--------+--------+--------+--------+--------+-----+--------+

Top non-repeatable levels by time:
     D:8: 1851 daAuts
     D:3: 1737 daAuts
     D:1: 1433 daAuts
     D:7: 1188 daAuts
     D:5: 1184 daAuts
     D:6: 1139 daAuts
     D:4: 1092 daAuts
     D:2: 870 daAuts
 Ossuary: 809 daAuts
 Abyss:1: 305 daAuts
 Abyss:2: 120 daAuts
  Temple: 117 daAuts
